 Dungeon Crawl Stone Soup version 0.28-a0-2-g643f2454ad (webtiles) character file.

Game seed: 3555174371465226400

11 siradein the Ruffian (level 2, -2/29 HPs)
             Began as a Troll Monk on July 23, 2021.
             Slain by a gnoll (8 damage)
             ... on level 2 of the Dungeon.
             The game lasted 00:00:29 (126 turns).

siradein the Ruffian (Troll Monk)                    Turns: 126, Time: 00:00:29

Health: -2/29      AC:  4    Str: 18    XL:     2   Next: 13%
Magic:  1/1        EV: 10    Int:  6    God:
Gold:   15         SH:  0    Dex: 12    Spells: 1/1 levels left

rFire   . . .      SeeInvis .     - Unarmed
rCold   . . .      Faith    .   (no shield)
rNeg    . . .      Spirit   .   a - +0 robe
rPois   .          Reflect  .   (helmet restricted)
rElec   .          Harm     .   (no cloak)
rCorr   .          Rampage  .   (gloves unavailable)
Will    .....                   (boots unavailable)
Stlth   ++........              (no amulet)
HPRegen 1.09/turn               (no ring)
MPRegen 0.07/turn               (no ring)

@: no status effects
A: large, unfitting armour, claws 3, regeneration 1, shaggy fur 1, tough skin 1
a: no special abilities


You were on level 2 of the Dungeon.
You visited 1 branch of the dungeon, and saw 3 of its levels.

You collected 15 gold pieces.

Inventory:

Armour
 a - a +0 robe (worn)
Jewellery
 c - a ring of ice
Scrolls
 b - a scroll of holy word {unknown}


   Skills:
 - Level 2.4 Fighting
 - Level 2.4 Dodging
 - Level 1.0 Stealth
 + Level 3.6 Unarmed Combat


You had one spell level left.
You didn't know any spells.
Your spell library was empty.

Dungeon Overview and Level Annotations

Branches:
Dungeon (3/15)

Altars:


Innate Abilities, Weirdness & Mutations

You are too large for most types of armour.
You have claws for hands.
Your natural rate of healing is unusually fast.
You are covered in fur. (AC +1)
You have tough skin. (AC +1)


Message History

The shaft crumbles and collapses. 4 gnolls come into view.
There are monsters nearby!
There are monsters nearby!
The gnoll shouts! x4
The gnoll hits you with a +0 flail!
The gnoll hits you from afar with a +0 spear.
The gnoll closely misses you.
You scratch the gnoll.
The gnoll is moderately wounded.
The gnoll hits you from afar with a +0 spear.
The gnoll closely misses you. The gnoll hits you with a +0 spear!
You are too injured to fight recklessly!
You are too injured to fight recklessly!
You are too injured to fight recklessly!
An adder comes into view.
The gnoll hits you with a +0 flail!
* * * LOW HITPOINT WARNING * * *
Found an escape hatch in the ceiling.
You barely miss the adder. The adder closely misses you.
The gnoll barely misses you. The adder barely misses you.
You claw the adder!
You kill the adder!
You have reached level 2!
The gnoll hits you with a +0 flail.
There is an escape hatch in the ceiling here.
The gnoll hits you with a +0 flail. A mysterious force pulls you upwards.
The hatch slams shut behind you.
A giant cockroach comes into view.
Found 12 stones.
The gnoll misses you.
You barely miss the gnoll. The gnoll hits you with a +0 flail.
You scratch the gnoll. You claw the gnoll.
The gnoll is moderately wounded.
The gnoll hits you with a +0 flail!
* * * LOW HITPOINT WARNING * * *
You claw the gnoll!
The gnoll is almost dead.
The gnoll hits you with a +0 flail!
You die...

##### ...#
.######.########
(........Bg@...#
..#.##..######.#
#..# ....#
....## #####


You could see a gnoll and a giant cockroach.

Vanquished Creatures
  An adder (D:3)
  A ball python (D:1)
  A frilled lizard (D:1)
3 creatures vanquished.

Notes
Turn   | Place    | Note
-------+----------+-------------------------------------------
     0 | D:1      | siradein the Troll Monk began the quest for the Orb.
     0 | D:1      | Reached XP level 1. HP: 22/22 MP: 0/0
    69 | D:1      | You fall into a shaft and drop 1 floor!
    96 | D:2      | You fall into a shaft and drop 1 floor!
   111 | D:3      | Reached XP level 2. HP: 8/29 MP: 1/1
   126 | D:2      | Slain by a gnoll

Illustrated notes

Levels and vault maps discovered:
D:1:      dpeg_arrival_pits, layout_loops_ring,
          ebering_ecumenical_altar_sacrificial
D:2:      layout_loops_corners, minmay_pentomino_o2
D:3:      layout_loops_ring, kennysheep_ying_yang, mainiacjoe_overflow_chevrons,
          nicolae_dithmenos_shadow_blocks, uniq_natasha, uniq_robin

Action                   || total
-------------------------++-------
Melee: Unarmed           ||    10
       Punch             ||     1
 Stab: Sleeping          ||     1
Dodge: Dodged            ||     7

Table legend: (Time is in decaauts)
 A = Elapsed time spent in this place.
 B = Non-inter-level travel time spent in this place.
 C = Inter-level travel time spent in this place.
 D = Time resting spent in this place.
 E = Time spent auto-exploring this place.
 F = Levels seen in this place.
 G = Mean time per level.
                   A        B        C        D        E       F      G
               +--------+--------+--------+--------+--------+-----+--------+
         Total |    125 |    125 |      0 |      0 |     82 |   3 |   41.7 |
       Dungeon |    125 |    125 |      0 |      0 |     82 |   3 |   41.7 |
               +--------+--------+--------+--------+--------+-----+--------+

Top non-repeatable levels by time:
     D:1: 68 daAuts
     D:2: 34 daAuts
     D:3: 22 daAuts
